 Dungeon Crawl Stone Soup version 0.30-a0-719-gcc4359ea44 (webtiles) character file.

Game seed: 14653784605827201870

24740 rageheart7 the Fighter (level 12, -3/112 HPs)
             Began as a Green Draconian Monk on Jan 26, 2023.
             Was a High Priest of Dithmenos.
             Engulfed by a cloud of steam (4 damage)
             ... on level 2 of the Lair of Beasts.
             The game lasted 00:31:29 (14480 turns).

rageheart7 the Fighter (Green Draconian Monk)      Turns: 14480, Time: 00:31:30

Health: -3/112     AC: 16    Str: 15    XL:     12   Next: 83%
Magic:  20/20      EV: 22    Int: 13    God:    Dithmenos [*****.]
Gold:   753        SH: 12    Dex: 17    Spells: 17/21 levels left

rFire   . . .      SeeInvis .      - Unarmed
rCold   . . .      Faith    .    q - +0 kite shield
rNeg    . . .      Spirit   .    (body armour unavailable)
rPois   +          Reflect  .    (helmet restricted)
rElec   .          Harm     .    a - +1 cloak
rCorr   .          Rampage  .    h - +1 pair of gloves
Will    .....                    (no boots)
Stlth   +++                      G - amulet of the acrobat
HPRegen 0.38/turn                o - +5 ring of evasion
MPRegen 0.17/turn                r - +4 ring of protection

@: about to teleport, wreathed by umbra
A: breathe noxious fumes, AC +8, unfitting armour, poison resistance,
cold-blooded, agile 1, subdued magic 1
a: Breathe Noxious Fumes, Renounce Religion, Shadow Step, Shadow Form


You were on level 2 of the Lair of Beasts.
You worshipped Dithmenos.
Dithmenos was extremely pleased with you.
You visited 3 branches of the dungeon, and saw 14 of its levels.

You collected 753 gold pieces.

Inventory:

Missiles
 p - 3 throwing nets (quivered)
 D - a curare-tipped dart
Armour
 a - a +1 cloak (worn)
 h - a +1 pair of gloves (worn)
 q - a +0 kite shield (worn)
Jewellery
 o - a +5 ring of evasion (left hand)
 r - a +4 ring of protection (right hand)
 w - a ring of willpower
 A - a ring of see invisible
 F - a ring of protection from cold
 G - an amulet of the acrobat (around neck)
Wands
 j - a wand of paralysis (6)
 l - a wand of flame (11)
 s - a wand of polymorph (16)
 t - a wand of digging (7)
 x - a wand of iceblast (1)
 C - a wand of light (11)
Scrolls
 b - 3 scrolls of magic mapping
 d - a scroll of enchant weapon
 i - 3 scrolls of amnesia
 n - 4 scrolls of enchant armour
 y - 5 scrolls of identify
Potions
 c - 3 potions of attraction
 e - 4 potions of brilliance
 f - 5 potions of curing
 m - 4 potions of flight
 u - a potion of might
 z - a potion of resistance
 B - a potion of haste
 E - a potion of cancellation
Miscellaneous
 g - a piece from Xom's chessboard (15/15)


   Skills:
 - Level 12.0 Fighting
 * Level 10.1 Dodging
 - Level 1.7 Stealth
 - Level 10.0 Shields
 + Level 10.8 Unarmed Combat
 - Level 5.3 Spellcasting
 - Level 5.0 Transmutations


You had 17 spell levels left.
You knew the following spells:

 Your Spells              Type           Power      Damage    Failure   Level
a - Ice Form              Ice/Tmut       7%         N/A       77%         4

Your spell library contained the following spells:

 Spells                   Type           Power      Damage    Failure   Level
 Blink                    Tloc           4%         N/A       47%         2
 Cigotuvi's Dreadful Rot  Necr/Pois/Air  4%         N/A       47%         2
 Poisonous Vapours        Pois/Air       4%         N/A       47%         2
 Scorch                   Fire           4%         2d5       47%         2
 Ignite Poison            Fire/Tmut/Pois 6%         N/A       47%         3
 Frozen Ramparts          Ice            4%         1d1       71%         3
 Kindle Blastsparks       Fire/Tloc/Air  4%         2d10      71%         3
 Mephitic Cloud           Conj/Pois/Air  2%         N/A       71%         3
 Ozocubu's Armour         Ice            2%         N/A       71%         3
 Flame Wave               Conj/Fire      2%         2d4       98%         4
 Fulminant Prism          Conj/Hex       1%         3d5       98%         4
 Iskenderun's Mystic Bla  Conj/Tloc      2%         2d3       98%         4
 Manifold Assault         Tloc           2%         N/A       98%         4
 Summon Ice Beast         Ice/Summ       2%         N/A       98%         4
 Freezing Cloud           Conj/Ice/Air   1%         6-21      100%        5
 Lee's Rapid Deconstruct  Erth           1%         3d4*      100%        5
 Summon Cactus Giant      Summ           1%         N/A       100%        6
 Ozocubu's Refrigeration  Ice            1%         4d7       100%        7
 Storm Form               Tmut/Air       3%         N/A       100%        7


Dungeon Overview and Level Annotations

Branches:
Dungeon (11/15)            Temple (1/1) D:7            Lair (2/5) D:10
 Spider (0/4) Lair:2          Orc (0/2) D:9
  Swamp: Lair:2-3    Shoals: Lair:2-3

Altars:
Ashenzari
Cheibriados
Dithmenos
Elyvilon
Fedhas
Gozag
Hepliaklqana
Kikubaaqudgha
Makhleb
Nemelex Xobeh
Okawaru
Qazlal
Ru
Sif Muna
Trog
Uskayaw
Vehumet
Wu Jian
Xom
Yredelemnul
Zin
The Shining One

Shops:
D:3 ?   D:4 !

Annotations:
D:7 2 transporters, Grum; wormed's ghost, novice DEFE
D:8 3 runed translucent doors


Innate Abilities, Weirdness & Mutations

You can breathe blasts of noxious fumes.
Your lurid green scales are hard. (AC +8)
You cannot fit into any form of body armour.
Your system is resistant to poisons. (rPois)
You are cold-blooded and may be slowed by cold attacks.
You are agile. (Dex +4, Str/Int -1)
Your spells are a little easier to cast, but a little less powerful.


Message History

You are engulfed in a cloud of scalding steam.
You block the steam dragon's attack. The steam dragon misses you.
The eight-headed hydra misses you.
The eight-headed hydra barely misses you. x2
The eight-headed hydra bites you.
The eight-headed hydra completely misses you.
You block the eight-headed hydra's attack.
The eight-headed hydra bites you but does no damage. x2
You hit the steam dragon but do no damage.
The steam dragon is severely wounded.
You are engulfed in a cloud of scalding steam.
The steam dragon breathes steam at you. The ball of steam hits you!!
* * * LOW HITPOINT WARNING * * *
You block the eight-headed hydra's attack.
The eight-headed hydra bites you but does no damage.
You block the eight-headed hydra's attack. x2
The eight-headed hydra completely misses you.
The eight-headed hydra bites you but does no damage.
The eight-headed hydra bites you!
* * * LOW HITPOINT WARNING * * *
You block the eight-headed hydra's attack.
You punch the steam dragon!
You kill the steam dragon!
Dithmenos accepts your kill.
The steam dragon scales are intact enough to wear.
You are engulfed in a cloud of scalding steam.
* * * LOW HITPOINT WARNING * * *
The eight-headed hydra barely misses you.
The eight-headed hydra bites you but does no damage.
The eight-headed hydra completely misses you.
The eight-headed hydra bites you but does no damage. x2
You block the eight-headed hydra's attack.
The eight-headed hydra bites you!
* * * LOW HITPOINT WARNING * * *
The eight-headed hydra misses you.
As you read the scroll of teleportation, it crumbles to dust.
You feel strangely unstable.
You are engulfed in a cloud of scalding steam.
You die...

................
........................
.................[......
..?#..#.P......#.P... .
#.................#
..#........~~~.....##
.........~~~~~~~.~..#
...#......~~≈≈≈≈~≈~.## #.#
#..#§..§@[~≈≈≈≈~~≈~..# #.#
#..§.....D~≈≈~~.≈≈≈~## #.##
#..#.....~~~~.<~≈≈~..# # #.P#
#..#...[..~~~~~~≈≈≈~### # ##..#
#...##.#..~~~~≈≈≈~~~.~# ...#
#..........~~≈≈≈≈≈..~## #..#
#.........~.~≈≈≈~~~.###
#.####............~......#.##.
##†#.##........................


You could see an eight-headed hydra.

Vanquished Creatures
  Harold (D:9)
  Erica (D:8)
  2 death yaks
  A fire crab (D:10)
  An ice statue (Lair:2)
  2 black mambas (Lair:1)
  2 gargoyles
  8 cane toads (Lair:1)
  2 rime drakes (Lair:2)
  An unseen horror (D:10)
  2 komodo dragons (Lair:1)
  2 ice devils (Lair:2)
  8 polar bears
  A queen bee (D:9)
  A troll (D:10)
  2 hornets
  4 blink frogs (Lair:1)
  A dream sheep (Lair:1)
  A wyvern (Lair:1)
  28 yaks
  2 centaur simulacra (D:10)
  3 redbacks (Lair:2)
  3 steam dragons
  4 vampire mosquitoes (D:10)
  2 wargs (D:9)
  5 water moccasins
  An ice beast (D:10)
  3 sky beasts
  3 orc warriors
  2 black bears
  9 wolves
  3 ogres
  4 centaurs
  A kobold brigand (D:9)
  3 necrophages
  2 gnoll sergeants
  8 bullfrogs
  2 cane toad simulacra (Lair:2)
  3 scorpions
  13 wights
  20 killer bees (D:9)
  3 howler monkeys
  7 jellies
  12 orc priests
  5 hounds
  2 iguanas
  8 orc wizards
  A spriggan simulacrum (Lair:2)
  16 gnolls
  14 adders
  A river rat (D:6)
  3 shadow imps
  2 white imps (D:10)
  2 ufetubi
  4 worms
  A dart slug (D:3)
  40 orcs
  13 endoplasms
  6 giant cockroaches
  9 goblins
  5 hobgoblins
  12 jackals
  2 quokkas
  8 ball pythons
  5 bats
  A frilled lizard (D:2)
  6 kobolds
  11 rats
  A spectral orc (D:10)
  A bush (D:9)
368 creatures vanquished.

Vanquished Creatures (collateral kills)
  3 killer bees (D:9)
3 creatures vanquished.

Vanquished Creatures (others)
  An orc wizard (D:7)
  10 fungi (Lair:2)
  15 plants
26 creatures vanquished.

Grand Total: 397 creatures vanquished

Notes
Turn   | Place    | Note
-------+----------+-------------------------------------------
     0 | D:1      | rageheart7 the Draconian Monk began the quest for the Orb.
     0 | D:1      | Reached XP level 1. HP: 19/19 MP: 1/1
     1 | D:1      | Found a runed translucent door.
     4 | D:1      | Noticed a jelly
    39 | D:1      | Killed a jelly
    40 | D:1      | Reached skill level 4 in Fighting
    40 | D:1      | Reached XP level 2. HP: 18/27 MP: 2/2
    40 | D:1      | Reached XP level 3. HP: 22/33 MP: 3/3
   258 | D:1      | Found a faded altar of an unknown god.
   719 | D:2      | Reached XP level 4. HP: 41/41 MP: 4/4
  1594 | D:2      | Reached skill level 5 in Fighting
  1699 | D:3      | Found Cadirath's Magic Scroll Emporium.
  1734 | D:3      | Reached XP level 5. HP: 43/48 MP: 5/5
  2369 | D:3      | Reached skill level 5 in Unarmed Combat
  2615 | D:4      | Found Omoboohe's Distillery.
  2634 | D:4      | Reached XP level 6. HP: 38/57 MP: 6/6
  2782 | D:4      | Reached skill level 6 in Fighting
  3016 | D:4      | Found an ancient bone altar of Kikubaaqudgha.
  3154 | D:4      | Found an ornate altar of the Wu Jian Council.
  3281 | D:5      | Entered Level 5 of the Dungeon
  3370 | D:5      | Your scales start taking on a lurid green colour.
  3370 | D:5      | Reached XP level 7. HP: 64/64 MP: 7/7
  3370 | D:5      | Gained mutation: Your system is resistant to poisons.
                  | (rPois) [Green Draconian growth]
  3441 | D:5      | Reached skill level 7 in Fighting
  3449 | D:5      | Reached skill level 1 in Spellcasting
  3975 | D:5      | Reached XP level 8. HP: 42/74 MP: 9/11
  4126 | D:5      | Reached skill level 8 in Fighting
  4300 | D:6      | Learned a level 4 spell: Ice Form
  4383 | D:6      | Reached skill level 1 in Transmutations
  5531 | D:7      | Found a staircase to the Ecumenical Temple.
  5566 | Temple   | Entered the Ecumenical Temple
  5566 | Temple   | Found a transporter.
  5566 | Temple   | Found a transporter.
  5568 | Temple   | Found a transporter.
  5568 | Temple   | Found a transporter.
  5599 | Temple   | Became a worshipper of Dithmenos the Shadowed
  5599 | Temple   | Reached * piety under Dithmenos
  5599 | Temple   | Reached ** piety under Dithmenos
  5635 | D:7      | Reached skill level 9 in Fighting
  5647 | D:7      | Reached XP level 9. HP: 83/83 MP: 13/13
  6145 | D:7      | Noticed wormed's ghost (novice DEFE)
  6335 | D:7      | Found a transporter.
  6335 | D:7      | Noticed Grum
  6578 | D:7      | Found a transporter.
  6666 | D:7      | Found a white marble altar of Elyvilon.
  6947 | D:7      | Identified the ring "Mipahisi" {Wiz Str+3 Int+3}
  7111 | D:8      | Noticed Erica
  7114 | D:8      | Found a runed translucent gate.
  7120 | D:8      | Found a runed translucent gate.
  7120 | D:8      | Found a runed translucent gate.
  7120 | D:8      | Noticed a green ugly thing
  7120 | D:8      | Noticed a cyan ugly thing
  7121 | D:8      | Noticed a red ugly thing
  7122 | D:8      | Noticed a purple ugly thing
  7125 | D:8      | Killed Erica
  7125 | D:8      | Noticed a cyan ugly thing
  7126 | D:8      | Reached skill level 10 in Fighting
  7149 | D:8      | Noticed a glowing orange brain
  7328 | D:8      | Reached XP level 10. HP: 68/94 MP: 16/16
  7483 | D:8      | Noticed a gargoyle
  7497 | D:8      | Killed a gargoyle
  7733 | D:8      | Found a glowing silver altar of Zin.
  7896 | D:8      | Reached skill level 10 in Unarmed Combat
  7914 | D:8      | Reached skill level 5 in Spellcasting
  8095 | D:8      | Reached skill level 11 in Fighting
  8709 | D:8      | Reached skill level 5 in Transmutations
  8930 | D:9      | Found a staircase to the Orcish Mines.
  9012 | D:9      | Reached skill level 1 in Shields
  9121 | D:9      | Reached *** piety under Dithmenos
  9192 | D:9      | Found the +18 Lear's hauberk
  9311 | D:9      | Reached skill level 12 in Fighting
  9322 | D:9      | Reached XP level 11. HP: 67/104 MP: 19/19
  9705 | D:9      | Noticed Harold
  9757 | D:9      | Found a broken altar of Ashenzari.
  9854 | D:9      | Killed Harold
  9919 | D:9      | Reached skill level 5 in Dodging
  9956 | D:9      | Reached skill level 5 in Shields
 10032 | D:9      | Found a stormy altar of Qazlal.
 10032 | D:9      | Found an iron altar of Okawaru.
 10107 | D:10     | Entered Level 10 of the Dungeon
 10149 | D:10     | Reached **** piety under Dithmenos
 11133 | D:10     | Found a staircase to the Lair.
 11134 | D:10     | Noticed a fire crab
 11150 | D:10     | Killed a fire crab
 11223 | D:10     | Found a glowing golden altar of the Shining One.
 11341 | D:10     | Found a hazy altar of Hepliaklqana.
 11418 | D:11     | Noticed a wizard
 11688 | Lair:1   | Entered Level 1 of the Lair of Beasts
 11714 | Lair:1   | You fall into a shaft and drop 1 floor!
 11915 | Lair:2   | Reached XP level 12. HP: 112/112 MP: 20/20
 12113 | Lair:2   | HP: 3/168 [cane toad simulacrum (6)]
 12120 | Lair:2   | Noticed a death yak
 12133 | Lair:2   | Killed a death yak
 12151 | Lair:2   | Noticed a death yak
 12174 | Lair:2   | Noticed an eight-headed hydra
 12655 | Lair:2   | Found a hole to the Spider Nest.
 12890 | Lair:1   | Reached ***** piety under Dithmenos
 13811 | Lair:1   | Gained mutation: You are agile. (Dex +4, Str/Int -1)
                  | [potion of mutation]
 13811 | Lair:1   | Gained mutation: Your spells are a little easier to cast,
                  | but a little less powerful. [potion of mutation]
 14174 | Lair:1   | Reached skill level 10 in Shields
 14329 | Lair:1   | Noticed a death yak
 14338 | Lair:1   | Killed a death yak
 14341 | Lair:1   | Reached skill level 10 in Dodging
 14479 | Lair:2   | HP: 1/112 [eight-headed hydra (8)]
 14480 | Lair:2   | Engulfed by a cloud of steam

Illustrated notes

Levels and vault maps discovered:
D:1:      dpeg_arrival_caged_fury, layout_rooms,
          chequers_ecumenical_altar_simple
D:2:      layout_basic
D:3:      layout_basic, serial_shops, nicolae_shop_advertising_works
          [nicolae_subvault_shop_adworks], minmay_starry_boxes
D:4:      layout_cave_pools, mainiacjoe_overflow_big_doors, serial_shops, shop
D:5:      layout_gridville
D:6:      layout_loops_ring, portal_sewer_entry_e
D:7:      layout_loops_corners, marbit_many_paths,
          minmay_temple_entry_butterflies, gammafunk_ghost_gnarly_gnolls,
          grunt_ministairs_2
D:8:      layout_loops_corners, mainiacjoe_overflow_alcove_1,
          ploomutoo_gammafunk_ghost_potion_laboratory, minmay_tree_intersection,
          uniq_erica
D:9:      layout_stronghold, mainiacjoe_overflow_alcove_4,
          gammafunk_temple_overflow_elements, minmay_orc_entry_guard_dogs,
          grunt_decor_junction, minivault_7, uniq_harold
D:10:     layout_rooms, nicolae_tso_swordbearing_angel,
          nicolae_hepliaklqana_monster_ancestors, minmay_lair_entry_lava,
          serial_ice, serial_ice_d, serial_ice_n, serial_ice_i, serial_ice_h,
          serial_ice_m, serial_ice_g, david_defended_altar_orc
D:11:     cheibrodos_fzero, layout_layer_cave, special_room [special_room_orc],
          gammafunk_ghost_stat_death, blue_anna_alchemist
Temple:   hellmonk_temple_divided_pantheon
Lair:1:   layout_roguey, grunt_forest_stairs_basic, nzn_random_ring
Lair:2:   dreamdust_isle_of_ice, layout_chaotic_city, minmay_swamp_entry_swarm,
          spider_nest_entry_webs, grunt_megastairs_5,
          infiniplex_staircase_pool_2, lemuel_fruit_fields

Skill      XL: |  1  2  3  4  5  6  7  8  9 10 11 12 |
---------------+-------------------------------------+-----
Fighting       | 4 5 6 7 9 10 12 | 12.0
Unarmed Combat | 4 5 6 7 8 9 10 | 10.8
Spellcasting   | 2 3 4 5 |  5.3
Transmutations | 2 4 5 |  5.0
Dodging        | 4 7 10 | 10.1
Shields        | 3 7 10 | 10.0
Stealth        | |  1.7

Action                     |  1- 3 |  4- 6 |  7- 9 | 10-12 || total
---------------------------+-------+-------+-------+-------++-------
  Melee: Unarmed           |   143 |   309 |   428 |  1045 ||  1925
         Tailslap          |    12 |    37 |    51 |   154 ||   254
         Punch             |     3 |     7 |    24 |    51 ||    85
  Throw: Throwing net      |       |       |       |     5 ||     5
Ability: Breathe Noxious F |       |       |     1 |    13 ||    14
    Use: Potion            |     1 |     1 |       |    22 ||    24
         Scroll            |     4 |     6 |    10 |     9 ||    29
   Stab: Sleeping          |     1 |    11 |     4 |    12 ||    28
         Distracted        |       |       |     1 |     2 ||     3
         Confused          |       |       |     1 |    11 ||    12
 Armour: Skin              |    78 |   118 |   121 |   378 ||   695
  Dodge: Dodged            |   148 |   167 |   259 |   948 ||  1522
  Block: Kite shield       |       |       |       |   162 ||   162

Table legend: (Time is in decaauts)
 A = Elapsed time spent in this place.
 B = Non-inter-level travel time spent in this place.
 C = Inter-level travel time spent in this place.
 D = Time resting spent in this place.
 E = Time spent auto-exploring this place.
 F = Levels seen in this place.
 G = Mean time per level.
                   A        B        C        D        E       F      G
               +--------+--------+--------+--------+--------+-----+--------+
         Total |  14228 |  13837 |    391 |    335 |   9970 |  14 | 1016.3 |
       Dungeon |  11426 |  11107 |    319 |      0 |   8395 |  11 | 1038.7 |
        Temple |     46 |     46 |      0 |      0 |      6 |   1 |   46.0 |
          Lair |   2755 |   2683 |     72 |    335 |   1568 |   2 | 1377.5 |
               +--------+--------+--------+--------+--------+-----+--------+

Top non-repeatable levels by time:
     D:8: 1828 daAuts
     D:7: 1735 daAuts
  Lair:1: 1608 daAuts
    D:10: 1518 daAuts
     D:9: 1170 daAuts
  Lair:2: 1147 daAuts
     D:2: 1006 daAuts
     D:5: 981 daAuts
     D:6: 941 daAuts
     D:3: 828 daAuts
     D:4: 727 daAuts
     D:1: 669 daAuts
  Temple: 46 daAuts
    D:11: 19 daAuts
